 Dungeon Crawl Stone Soup version 0.32-a0-433-g08bcfe7efd (webtiles) character file.

Game seed: 12804569897107966152

6 Aldia the Sneak (level 1, -1/10 HPs)
             Began as a Vampire Enchanter on Feb 22, 2024.
             Slain by a quokka (2 damage)
             ... on level 1 of the Dungeon.
             The game lasted 00:00:28 (219 turns).

Aldia the Sneak (Vampire Enchanter)                  Turns: 219, Time: 00:00:28

Health: -1/10      AC:  2    Str:  7    XL:     1   Next: 75%
Magic:  3/3        EV: 12    Int: 17    God:
Gold:   17         SH:  0    Dex: 14    Spells: 4/4 levels left

rFire   . . .        a - +1 dagger
rCold   + + .        (no shield)
rNeg    + + +        b - +0 robe
rPois   ∞            (no helmet)
rElec   .            (no cloak)
rCorr   .            (no gloves)
SInv    +            (no boots)
Will    .....        (no amulet)
Stlth   +++++        (no ring)
HPRegen 0.00/turn    (no ring)
MPRegen 0.08/turn

%: no passive effects
@: bloodless, inhibited regen
A: bloodless, fangs 3, see invisible, vampiric 1
a: Revivify


You were on level 1 of the Dungeon.
You visited 1 branch of the dungeon, and saw 1 of its levels.

You collected 17 gold pieces.

Inventory:

Hand Weapons
 a - a +1 dagger (weapon)
Armour
 b - a +0 robe (worn)
Scrolls
 d - 3 scrolls of poison {unknown}
 e - a scroll of blinking {unknown}
Potions
 c - 2 potions of invisibility


   Skills:
 * Level 1.5 Short Blades
 - Level 2.1 Dodging
 * Level 4.7 Stealth
 - Level 2.0 Spellcasting
 + Level 4.5 Hexes


You had 4 spell levels left.
You didn't know any spells.
Your spell library contained the following spells:

 Spells                   Type           Power      Damage    Failure   Level
 Confusing Touch          Hex            17%        N/A       9%          3
 Tukima's Dance           Hex            17%        N/A       9%          3
 Ensorcelled Hibernation  Hex/Ice        18%        N/A       12%         2
 Dazzling Flash           Conj/Hex       18%        N/A       22%         3


Dungeon Overview and Level Annotations

Branches:
Dungeon (1/15)

Altars:


Innate Abilities, Weirdness & Mutations

You do not regenerate when monsters are visible.
You are frail without blood (-20% HP).
You can heal yourself when you bite living creatures.
You are immune to poison.
You have razor-sharp teeth.
You have supernaturally acute eyesight. (SInv)
You are afflicted with vampirism.


Message History

You miss the goblin.
The goblin is severely wounded.
The goblin barely misses you.
You hit the goblin.
You kill the goblin!
No target in view!
Things that are here:
a +0 club; a goblin corpse A quokka comes into view.
Found a flail.
Found 13 gold pieces.
The quokka bites you.
Ouch! That really hurt!
You are too injured to fight recklessly!
You are too injured to fight recklessly!
You are too injured to fight recklessly!
You are too injured to fight recklessly!
You closely miss the quokka. The quokka barely misses you.
You closely miss the quokka. You bite the quokka.
You draw the quokka's blood!
You feel better.
The quokka is moderately wounded.
The quokka closely misses you. The quokka barely misses you.
You hit the quokka. Your bite misses the quokka.
The quokka is severely wounded.
The quokka barely misses you.
You hit the quokka but do no damage.
The quokka is severely wounded.
The quokka closely misses you.
You hit the quokka.
The quokka is almost dead.
The quokka bites you.
Ouch! That really hurt!
* * * LOW HITPOINT WARNING * * *
You hit the quokka but do no damage.
The quokka is almost dead.
The quokka barely misses you.
You barely miss the quokka.
The quokka is almost dead.
The quokka bites you.
You die...

#.#.......#.### #.#########.#
#.#########.# ## #...........# .#
##########.......###.# .#
.$...............##..# .#
.................#..## .#
.................#.#### .#
.......@..............# .##
......r..........#....# ..## #
........)........#....# ...# #.
##########.......#....#
...####.### #....###....#
..........# #...........#
...####.#.## ###...........##
........#..## ###...............
...#######..####...##............


You could see a quokka.

Vanquished Creatures
  An endoplasm (D:1)
  A giant cockroach (D:1)
  A goblin (D:1)
  A kobold (D:1)
  A rat (D:1)
5 creatures vanquished.

Notes
Turn   | Place    | Note
-------+----------+-------------------------------------------
     0 | D:1      | Aldia the Vampire Enchanter began the quest for the Orb.
     0 | D:1      | Reached XP level 1. HP: 13/13 MP: 3/3
   219 | D:1      | Slain by a quokka

Illustrated notes

Levels and vault maps discovered:
D:1:      onia_arrival_mini_spirals, layout_basic

Action                     || total
---------------------------++-------
  Melee: Dagger            ||    16
         Bite              ||     1
Ability: Exsanguinate      ||     1
   Stab: Sleeping          ||     2
 Armour: Robe              ||     3
  Dodge: Dodged            ||    12

Table legend: (Time is in decaauts)
 A = Elapsed time spent in this place.
 B = Non-inter-level travel time spent in this place.
 C = Inter-level travel time spent in this place.
 D = Time resting spent in this place.
 E = Time spent auto-exploring this place.
 F = Levels seen in this place.
 G = Mean time per level.
                   A        B        C        D        E       F      G
               +--------+--------+--------+--------+--------+-----+--------+
         Total |    218 |    218 |      0 |      0 |    160 |   1 |  218.0 |
       Dungeon |    218 |    218 |      0 |      0 |    160 |   1 |  218.0 |
               +--------+--------+--------+--------+--------+-----+--------+

Top non-repeatable levels by time:
     D:1: 218 daAuts
